Stars vs Sharks
Created - 17 mai 2013 at 19:59
Goals
|
| Stars |
1 |
1 |
3 |
5 |
| Sharks |
0 |
1 |
1 |
2 |
|
Shots
|
| Stars |
11 |
14 |
13 |
38 |
| Sharks |
9 |
7 |
9 |
25 |
|
1st period
1. Stars , Jan Hlavac 14 (Mathieu Schneider, Glen Metropolit) at 11:40
Penalties :
Brendan Bell (Dal) for Hooking (Minor) at 0:23, Mike Fisher (SJS) for Boarding (Minor) at 12:28
2nd period
2. Stars , Jan Hlavac 15 (Glen Metropolit, Brendan Bell) at 7:21
3. Sharks , Daniel Sedin 45 (Henrik Sedin) at 18:14
Penalties :
Georges Laraque (SJS) for Tripping (Minor) at 4:30
3rd period
4. Stars , Evgeny Artyukhin 6 (Glen Metropolit) at 6:20
5. Stars , Mike Modano 39 (Mathieu Schneider) at 7:44
6. Sharks , Daniel Sedin 46 (Pavol Demitra, Filip Kuba) at 7:56
7. Stars , Jan Hlavac 16 (Matthew Spiller, Steve Rucchin) at 12:25
Penalties :
Filip Kuba (SJS) for Hooking (Minor) at 8:38
Goalie Stats
Pascal Leclaire (Dal), 23 saves from 25 shots - (0,920), W, 32-21-8, 60:00 minutes
Jean-Sébastien Giguère (SJS), 33 saves from 38 shots - (0,868), L, 31-29-5, 60:00 minutes
Players Stats for Stars
Player Name G A P +/- PIM S H SB GA TA FO MP PP MP PK MP
------------------------------------------------------------------------------------
Alexei Morozov 0 0 0 -1 0 3 1 0 0 0 0/1 22:05 2:38 0:45
Braydon Coburn 0 0 0 0 0 2 0 0 1 1 0/0 25:31 4:20 0:59
Brendan Bell 0 1 1 3 2 1 1 1 2 0 0/0 20:36 1:37 0:00
Cory Stillman 0 0 0 -1 0 2 0 0 0 0 0/0 21:16 2:28 0:50
David Legwand 0 0 0 0 0 1 1 1 1 0 4/17 12:44 2:13 0:24
Evgeny Artyukhin 1 0 1 4 0 2 1 1 1 0 0/0 8:57 0:00 0:00
Glen Metropolit 0 3 3 4 0 2 0 0 0 0 4/8 11:16 0:00 0:00
Jan Hlavac 3 0 3 4 0 4 2 0 0 0 0/0 9:21 0:00 0:24
Marcus Nilson 0 0 0 0 0 2 3 0 1 0 0/0 8:12 0:00 0:00
Mathieu Schneider 0 2 2 0 0 4 1 2 1 0 0/0 25:40 4:20 1:00
Matthew Spiller 0 1 1 3 0 3 0 3 0 0 0/0 21:28 1:37 0:59
Mike Modano 1 0 1 0 0 4 2 0 3 0 8/18 20:22 3:19 0:50
Milan Hejduk 0 0 0 0 0 4 3 0 1 0 1/4 19:19 3:19 0:00
Patrik Elias 0 0 0 0 0 2 1 1 0 0 0/0 19:45 3:19 0:00
Pierre Dagenais 0 0 0 0 0 0 0 0 1 0 0/0 8:12 0:00 0:00
Randy Jones 0 0 0 0 0 0 1 0 0 0 0/0 12:52 0:00 0:00
Steve Rucchin 0 1 1 -1 0 0 0 1 0 0 6/11 16:24 0:35 0:45
Tim Ramholt 0 0 0 0 0 2 0 3 0 0 0/0 14:00 0:00 1:00
Players Stats for Sharks
Player Name G A P +/- PIM S H SB GA TA FO MP PP MP PK MP
------------------------------------------------------------------------------------
Adam Mair 0 0 0 0 0 1 0 1 0 0 0/4 10:04 0:00 1:48
Alexander Frolov 0 0 0 0 0 6 0 0 0 0 0/1 18:33 0:51 1:53
Bobby Ryan 0 0 0 -3 0 1 1 0 0 0 0/0 13:48 0:10 0:00
Daniel Sedin 2 0 2 0 0 2 1 0 0 2 1/1 19:30 0:58 2:51
David Hale 0 0 0 -3 0 0 1 1 0 1 0/0 19:39 0:55 2:45
Dick Tarnstrom 0 0 0 -2 0 0 0 0 0 0 0/0 14:10 0:00 0:58
Filip Kuba 0 1 1 2 2 2 4 2 0 1 0/0 26:24 1:04 2:14
Georges Laraque 0 0 0 0 2 0 3 2 0 0 1/1 16:35 0:51 0:55
Henrik Sedin 0 1 1 0 0 6 0 0 0 1 17/29 24:21 0:58 2:48
Johnny Oduya 0 0 0 2 0 0 1 2 0 3 0/0 23:05 1:04 3:12
Kevin Klein 0 0 0 0 0 0 0 0 0 0 0/0 4:18 0:00 0:00
Mark Eaton 0 0 0 -3 0 1 0 1 1 0 0/0 19:39 0:55 2:45
Mike Fisher 0 0 0 -3 2 1 3 0 0 0 7/9 15:47 0:10 0:00
Mikko Koivu 0 0 0 0 0 2 1 0 0 1 9/13 15:09 0:51 0:00
Pavol Demitra 0 1 1 0 0 0 0 1 0 1 1/1 18:43 0:58 1:39
Ruslan Salei 0 0 0 -2 0 2 0 0 0 1 0/0 12:58 0:00 0:00
Shean Donovan 0 0 0 0 0 0 2 0 0 1 0/0 8:36 0:10 0:00
Tomas Fleischmann 0 0 0 -3 0 1 2 1 0 0 0/0 12:41 0:00 0:00
3 Stars
1 - Jan Hlavac (Dal)
2 - Glen Metropolit (Dal)
3 - Evgeny Artyukhin (Dal)
Power Play
Stars - 0 on 3 Attempt(s) - 0,00%
Sharks - 0 on 1 Attempt(s) - 0,00%
Penalty Kill
Stars - 1 on 1 Attempt(s) - 100,00%
- Score 0 goal in Penalty Kill
Sharks - 3 on 3 Attempt(s) - 100,00%
- Score 0 goal in Penalty Kill
Official
Referees : Joannette Marc and LaRue Dennis
Linesman : Brian Mach and Vaughan Rody
Game Notes
David Legwand is injured at 18:12 of 2nd period (Sprained Left Knee)
Jan Hlavac has scored a Hat Trick!
Finance
Level 1 -- Attendance: 5559 (92,65%) -- Ticket Income 472 515 $
Level 2 -- Attendance: 4937 (98,74%) -- Ticket Income 261 661 $
Level 3 -- Attendance: 1545 (77,25%) -- Ticket Income 52 530 $
Level 4 -- Attendance: 3517 (87,93%) -- Ticket Income 66 823 $
Luxury Box -- Attendance: 776 (77,60%) -- Ticket Income 139 680 $
Game was played at the Hockey Place Center
Total Attendance: 16334 (90,74%)
Total Ticket Income: 993 209 $
Other Income: 49 660 $
Total Income: 1 042 869 $
Stars
5 vs 5 Forward
Center Left Wing Right Wing Time % Phy DF OF
1 David Legwand Cory Stillman Alexei Morozov 40 0 2 3
2 Mike Modano Patrik Elias Milan Hejduk 40 0 2 3
3 Steve Rucchin Marcus Nilson Pierre Dagenais 12 1 2 2
4 Glen Metropolit Jan Hlavac Evgeny Artyukhin 8 1 2 2
5 vs 5 Defense
Defense Defense Time % Phy DF OF
1 Mathieu Schneider Braydon Coburn 40 1 2 2
2 Brendan Bell Matthew Spiller 30 1 2 2
3 Randy Jones Tim Ramholt 20 1 2 2
4 Mathieu Schneider Braydon Coburn 10 1 2 2
PowerPlay Forward
Center Left Wing Right Wing Time % Phy DF OF
1 David Legwand Cory Stillman Alexei Morozov 60 0 1 4
2 Mike Modano Patrik Elias Milan Hejduk 40 0 1 4
PowerPlay Defense
Defense Defense Time % Phy DF OF
1 Mathieu Schneider Braydon Coburn 60 0 2 3
2 Matthew Spiller Brendan Bell 40 1 2 2
Penalty Kill 4 Players Forward
Center Wing Time % Phy DF OF
1 Mike Modano Cory Stillman 60 1 3 1
2 Steve Rucchin Alexei Morozov 40 1 3 1
Penalty Kill 4 Players Defense
Defense Defense Time % Phy DF OF
1 Braydon Coburn Matthew Spiller 60 1 3 1
2 Mathieu Schneider Tim Ramholt 40 1 3 1
Penalty Kill - 3 Players Forward
Forward Time % Phy DF OF
1 Mike Modano 60 1 4 0
2 Steve Rucchin 40 1 4 0
Penalty Kill - 3 Players Defense
Defense Defense Time % Phy DF OF
1 Braydon Coburn Matthew Spiller 60 1 4 0
2 Mathieu Schneider Tim Ramholt 40 1 4 0
4 vs 4 Forward
Center Wing Time % Phy DF OF
1 David Legwand Alexei Morozov 60 0 2 3
2 Mike Modano Patrik Elias 40 0 2 3
4 vs 4 Defense
Defense Defense Time % Phy DF OF
1 Mathieu Schneider Braydon Coburn 60 0 2 3
2 Matthew Spiller Brendan Bell 40 0 3 2
Last Minutes Offensive
Center Left Wing Right Wing Defense Defense
David Legwand Cory Stillman Alexei Morozov Mathieu Schneider Braydon Coburn
Last Minutes Defensive
Center Left Wing Right Wing Defense Defense
Mike Modano Cory Stillman Alexei Morozov Braydon Coburn Matthew Spiller
Goaltenders
Starting : Pascal Leclaire
Backup : Chris Osgood
Extra Forwards
Normal : Steve Rucchin, Glen Metropolit, Patrik Elias - PP : Steve Rucchin, Pierre Dagenais - PK : David Legwand
Extra Defensemen
Normal : Randy Jones, Tim Ramholt, Matthew Spiller - PP : Randy Jones - PK : Brendan Bell, Randy Jones
Penalty Shots
Mike Modano, Alexei Morozov, Milan Hejduk, Cory Stillman, Steve Rucchin
Sharks
5 vs 5 Forward
Center Left Wing Right Wing Time % Phy DF OF
1 Henrik Sedin Daniel Sedin Pavol Demitra 40 1 2 2
2 Mikko Koivu Alexander Frolov Georges Laraque 30 1 2 2
3 Mike Fisher Tomas Fleischmann Bobby Ryan 20 1 2 2
4 Adam Mair Henrik Sedin Shean Donovan 10 1 2 2
5 vs 5 Defense
Defense Defense Time % Phy DF OF
1 Filip Kuba Johnny Oduya 40 1 2 2
2 Mark Eaton David Hale 30 1 2 2
3 Ruslan Salei Dick Tarnstrom 20 1 2 2
4 Kevin Klein Filip Kuba 10 1 2 2
PowerPlay Forward
Center Left Wing Right Wing Time % Phy DF OF
1 Henrik Sedin Daniel Sedin Pavol Demitra 60 1 2 2
2 Mikko Koivu Alexander Frolov Georges Laraque 40 1 2 2
PowerPlay Defense
Defense Defense Time % Phy DF OF
1 Filip Kuba Johnny Oduya 60 1 2 2
2 Mark Eaton David Hale 40 1 2 2
Penalty Kill 4 Players Forward
Center Wing Time % Phy DF OF
1 Henrik Sedin Daniel Sedin 60 1 2 2
2 Pavol Demitra Georges Laraque 40 1 2 2
Penalty Kill 4 Players Defense
Defense Defense Time % Phy DF OF
1 Filip Kuba Johnny Oduya 60 1 2 2
2 Mark Eaton David Hale 40 1 2 2
Penalty Kill - 3 Players Forward
Forward Time % Phy DF OF
1 Henrik Sedin 60 1 2 2
2 Daniel Sedin 40 1 2 2
Penalty Kill - 3 Players Defense
Defense Defense Time % Phy DF OF
1 Filip Kuba Johnny Oduya 60 1 2 2
2 Mark Eaton David Hale 40 1 2 2
4 vs 4 Forward
Center Wing Time % Phy DF OF
1 Henrik Sedin Daniel Sedin 60 1 2 2
2 Pavol Demitra Georges Laraque 40 1 2 2
4 vs 4 Defense
Defense Defense Time % Phy DF OF
1 Filip Kuba Johnny Oduya 60 1 2 2
2 Mark Eaton David Hale 40 1 2 2
Last Minutes Offensive
Center Left Wing Right Wing Defense Defense
Henrik Sedin Daniel Sedin Pavol Demitra Filip Kuba Johnny Oduya
Last Minutes Defensive
Center Left Wing Right Wing Defense Defense
Henrik Sedin Daniel Sedin Pavol Demitra Filip Kuba Johnny Oduya
Goaltenders
Starting : Jean-Sébastien Giguère
Backup : Martin Biron
Extra Forwards
Normal : Mike Fisher, Bobby Ryan, Adam Mair - PP : Mike Fisher, Bobby Ryan - PK : Adam Mair
Extra Defensemen
Normal : Ruslan Salei, Dick Tarnstrom, Kevin Klein - PP : Ruslan Salei - PK : Dick Tarnstrom, Kevin Klein
Penalty Shots
Henrik Sedin, Daniel Sedin, Pavol Demitra, Georges Laraque, Mikko Koivu
% Time on Ice - Stars
Lines # - Real PCT - Wanted PCT - Time Play
Normal Forward
1 - 35% - 40% - 17:58
2 - 33% - 40% - 16:57
3 - 16% - 12% - 8:12
4 - 17% - 8% - 8:57
Normal Defense
1 - 36% - 40% - 18:57
2 - 36% - 30% - 19:00
3 - 25% - 20% - 12:52
4 - 2% - 10% - 1:15
PP Forward
1 - 44% - 60% - 2:38
2 - 56% - 40% - 3:19
PP Defense
1 - 73% - 60% - 4:20
2 - 27% - 40% - 1:37
PK Forward
1 - 62% - 60% - 1:14
2 - 38% - 40% - 0:45
PK Defense
1 - 50% - 60% - 0:59
2 - 50% - 40% - 1:00
PK3 Forward
1 - 0% - 60%
2 - 0% - 40%
PK3 Defense
1 - 0% - 60%
2 - 0% - 40%
44 Forward
1 - 0% - 60%
2 - 0% - 40%
44 Defense
1 - 0% - 60%
2 - 0% - 40%
Last Minute Offensive - 0:00
Last Minute Defensive - 0:00
Total
Forward - 60:00
Defense - 60:00
|
% Time on Ice - Sharks
Lines # - Real PCT - Wanted PCT - Time Play
Normal Forward
1 - 33% - 40% - 17:04
2 - 28% - 30% - 14:50
3 - 24% - 20% - 12:41
4 - 14% - 10% - 7:29
Normal Defense
1 - 36% - 40% - 18:49
2 - 31% - 30% - 15:59
3 - 25% - 20% - 12:58
4 - 8% - 10% - 4:18
PP Forward
1 - 57% - 60% - 1:08
2 - 43% - 40% - 0:51
PP Defense
1 - 54% - 60% - 1:04
2 - 46% - 40% - 0:55
PK Forward
1 - 72% - 60% - 4:18
2 - 28% - 40% - 1:39
PK Defense
1 - 54% - 60% - 3:12
2 - 46% - 40% - 2:45
PK3 Forward
1 - 0% - 60%
2 - 0% - 40%
PK3 Defense
1 - 0% - 60%
2 - 0% - 40%
44 Forward
1 - 0% - 60%
2 - 0% - 40%
44 Defense
1 - 0% - 60%
2 - 0% - 40%
Last Minute Offensive - 0:00
Last Minute Defensive - 0:00
Total
Forward - 60:00
Defense - 60:00
|
Play by Play
1st period
0:01 of 1st period - Pavol Demitra wins face-off versus David Legwand in neutral zone.
0:10 of 1st period - Snap shot by Henrik Sedin.
0:10 of 1st period - Shot Misses the Net.
0:12 of 1st period - Wrist shot by Filip Kuba.
0:12 of 1st period - Deflect By Henrik Sedin.
0:12 of 1st period - Stopped by Pascal Leclaire without a rebound.
0:13 of 1st period - Mikko Koivu wins face-off versus Mike Modano in Stars zone.
0:23 of 1st period - Minor Penalty to Brendan Bell for Hooking.
0:24 of 1st period - Mike Modano wins face-off versus Henrik Sedin in Stars zone.
0:57 of 1st period - Slapshot by Filip Kuba.
0:57 of 1st period - Shot Blocked by Steve Rucchin.
2:23 of 1st period - Penalty to Brendan Bell is over, Brendan Bell is back on ice.
2:55 of 1st period - Wrist shot by Mike Fisher.
2:55 of 1st period - Shot Blocked by Matthew Spiller.
3:17 of 1st period - Backhand shot by Mike Fisher.
3:17 of 1st period - Shot Misses the Net.
3:19 of 1st period - Snap shot by Mark Eaton.
3:19 of 1st period - Stopped by Pascal Leclaire without a rebound.
3:20 of 1st period - Mikko Koivu wins face-off versus Mike Modano in Stars zone.
3:21 of 1st period - Wrist shot by Alexander Frolov.
3:21 of 1st period - Shot Misses the Net.
3:47 of 1st period - Henrik Sedin is hit by Jan Hlavac and loses puck.
4:12 of 1st period - Dick Tarnstrom is hit by Marcus Nilson and loses puck.
4:45 of 1st period - Johnny Oduya is hit by Patrik Elias and loses puck.
5:09 of 1st period - Steve Rucchin is hit by Mikko Koivu and loses puck.
5:27 of 1st period - Daniel Sedin is hit by Jan Hlavac and loses puck.
5:59 of 1st period - Wrist shot by Marcus Nilson.
5:59 of 1st period - Shot Blocked by Georges Laraque.
6:01 of 1st period - Wrist shot by Mike Modano.
6:01 of 1st period - Stopped by Jean-Sébastien Giguère with a rebound.
6:58 of 1st period - Off-side.
6:59 of 1st period - Steve Rucchin wins face-off versus Adam Mair in neutral zone.
7:02 of 1st period - Slapshot by Filip Kuba.
7:02 of 1st period - Deflect By Marcus Nilson.
7:02 of 1st period - Stopped by Pascal Leclaire with a rebound.
7:28 of 1st period - Snap shot by Alexei Morozov.
7:28 of 1st period - Shot Misses the Net.
7:30 of 1st period - Slapshot by Tim Ramholt.
7:30 of 1st period - Stopped by Jean-Sébastien Giguère without a rebound.
7:31 of 1st period - Henrik Sedin wins face-off versus Mike Modano in Sharks zone.
7:56 of 1st period - Milan Hejduk is hit by Mike Fisher and loses puck.
8:06 of 1st period - Off-side.
8:07 of 1st period - David Legwand wins face-off versus Mikko Koivu in neutral zone.
8:38 of 1st period - Icing by Matthew Spiller.
8:39 of 1st period - Mike Fisher wins face-off versus David Legwand in Stars zone.
9:18 of 1st period - Wrist shot by Alexei Morozov.
9:18 of 1st period - Shot Blocked by Mark Eaton.
9:20 of 1st period - Wrist shot by David Legwand.
9:20 of 1st period - Shot Misses the Net.
9:22 of 1st period - Snap shot by Cory Stillman.
9:22 of 1st period - Stopped by Jean-Sébastien Giguère with a rebound.
9:24 of 1st period - Slapshot by Brendan Bell.
9:24 of 1st period - Shot Misses the Net.
9:26 of 1st period - Slapshot by Matthew Spiller.
9:26 of 1st period - Stopped by Jean-Sébastien Giguère without a rebound.
9:27 of 1st period - Mikko Koivu wins face-off versus Milan Hejduk in Sharks zone.
9:32 of 1st period - Snap shot by Milan Hejduk.
9:32 of 1st period - Stopped by Jean-Sébastien Giguère with a rebound.
9:34 of 1st period - Slapshot by Mathieu Schneider.
9:34 of 1st period - Shot Blocked by Georges Laraque.
9:36 of 1st period - Slapshot by Mathieu Schneider.
9:36 of 1st period - Shot Blocked by Filip Kuba.
9:38 of 1st period - Slapshot by Mathieu Schneider.
9:38 of 1st period - Shot Misses the Net.
11:16 of 1st period - Icing by Mathieu Schneider.
11:17 of 1st period - Mike Fisher wins face-off versus Glen Metropolit in Stars zone.
11:24 of 1st period - Slapshot by Mathieu Schneider.
11:24 of 1st period - Shot Misses the Net.
11:36 of 1st period - Slapshot by Mathieu Schneider.
11:36 of 1st period - Shot Misses the Net.
11:38 of 1st period - Slapshot by Mathieu Schneider.
11:38 of 1st period - Shot Blocked by Tomas Fleischmann.
11:40 of 1st period - Slapshot by Jan Hlavac.
11:40 of 1st period - Goal by Jan Hlavac - Stars : 1 - Sharks : 0.
11:41 of 1st period - David Legwand wins face-off versus Henrik Sedin in neutral zone.
11:44 of 1st period - Wrist shot by Mathieu Schneider.
11:44 of 1st period - Stopped by Jean-Sébastien Giguère without a rebound.
11:45 of 1st period - Henrik Sedin wins face-off versus Alexei Morozov in Sharks zone.
12:01 of 1st period - Snap shot by David Legwand.
12:01 of 1st period - Shot Misses the Net.
12:21 of 1st period - Snap shot by Georges Laraque.
12:21 of 1st period - Shot Blocked by Mathieu Schneider.
12:23 of 1st period - Snap shot by Georges Laraque.
12:23 of 1st period - Shot Hit the Post.
12:28 of 1st period - Minor Penalty to Mike Fisher for Boarding.
12:29 of 1st period - Henrik Sedin wins face-off versus David Legwand in Sharks zone.
13:20 of 1st period - Mark Eaton is hit by David Legwand and loses puck.
14:28 of 1st period - Penalty to Mike Fisher is over, Mike Fisher is back on ice.
14:41 of 1st period - Snap shot by Alexander Frolov.
14:41 of 1st period - Stopped by Pascal Leclaire with a rebound.
14:47 of 1st period - Adam Mair is hit by Marcus Nilson and loses puck.
15:00 of 1st period - Snap shot by Alexander Frolov.
15:00 of 1st period - Stopped by Pascal Leclaire without a rebound.
15:01 of 1st period - Henrik Sedin wins face-off versus Glen Metropolit in Stars zone.
15:04 of 1st period - Backhand shot by Henrik Sedin.
15:04 of 1st period - Stopped by Pascal Leclaire with a rebound.
15:06 of 1st period - Snap shot by Pavol Demitra.
15:06 of 1st period - Shot Misses the Net.
15:08 of 1st period - Slapshot by Dick Tarnstrom.
15:08 of 1st period - Deflect By Daniel Sedin.
15:08 of 1st period - Shot Misses the Net.
15:08 of 1st period - Puck is out of play.
15:09 of 1st period - Henrik Sedin wins face-off versus David Legwand in Stars zone.
15:10 of 1st period - Snap shot by Pavol Demitra.
15:10 of 1st period - Shot Blocked by David Legwand.
15:53 of 1st period - Wrist shot by Filip Kuba.
15:53 of 1st period - Deflect By Alexander Frolov.
15:53 of 1st period - Stopped by Pascal Leclaire with a rebound.
15:55 of 1st period - Snap shot by Alexander Frolov.
15:55 of 1st period - Stopped by Pascal Leclaire with a rebound.
15:57 of 1st period - Slapshot by Johnny Oduya.
15:57 of 1st period - Shot Blocked by Tim Ramholt.
15:59 of 1st period - Slapshot by Johnny Oduya.
15:59 of 1st period - Shot Blocked by Tim Ramholt.
16:01 of 1st period - Slapshot by Filip Kuba.
16:01 of 1st period - Shot Misses the Net.
16:11 of 1st period - Snap shot by Marcus Nilson.
16:11 of 1st period - Deflect By Henrik Sedin.
16:11 of 1st period - Stopped by Jean-Sébastien Giguère without a rebound.
16:12 of 1st period - Glen Metropolit wins face-off versus Adam Mair in Sharks zone.
16:21 of 1st period - Wrist shot by Jan Hlavac.
16:21 of 1st period - Shot Misses the Net.
16:23 of 1st period - Slapshot by Evgeny Artyukhin.
16:23 of 1st period - Shot Misses the Net.
16:25 of 1st period - Slapshot by Braydon Coburn.
16:25 of 1st period - Stopped by Jean-Sébastien Giguère with a rebound.
16:27 of 1st period - Slapshot by Braydon Coburn.
16:27 of 1st period - Stopped by Jean-Sébastien Giguère with a rebound.
17:09 of 1st period - Slapshot by Mathieu Schneider.
17:09 of 1st period - Shot Blocked by Johnny Oduya.
17:25 of 1st period - Mike Fisher is hit by Marcus Nilson and loses puck.
17:48 of 1st period - Slapshot by Alexander Frolov.
17:48 of 1st period - Stopped by Pascal Leclaire with a rebound.
18:51 of 1st period - Wrist shot by Marcus Nilson.
18:51 of 1st period - Stopped by Jean-Sébastien Giguère without a rebound.
18:52 of 1st period - Mikko Koivu wins face-off versus David Legwand in Sharks zone.
19:01 of 1st period - Wrist shot by Mikko Koivu.
19:01 of 1st period - Shot Misses the Net.
19:17 of 1st period - Mike Modano is hit by Mike Fisher and loses puck.
2nd period
0:01 of 2nd period - Henrik Sedin wins face-off versus David Legwand in neutral zone.
0:04 of 2nd period - Slapshot by Filip Kuba.
0:04 of 2nd period - Stopped by Pascal Leclaire with a rebound.
0:31 of 2nd period - Slapshot by Alexander Frolov.
0:31 of 2nd period - Shot Misses the Net.
0:49 of 2nd period - Steve Rucchin is hit by Tomas Fleischmann and loses puck.
1:12 of 2nd period - Brendan Bell is hit by Shean Donovan and loses puck.
2:07 of 2nd period - David Legwand is hit by Tomas Fleischmann and loses puck.
3:01 of 2nd period - Slapshot by Daniel Sedin.
3:01 of 2nd period - Shot Misses the Net.
3:53 of 2nd period - Icing by Henrik Sedin.
3:54 of 2nd period - Glen Metropolit wins face-off versus Adam Mair in Sharks zone.
4:03 of 2nd period - Slapshot by Jan Hlavac.
4:03 of 2nd period - Stopped by Jean-Sébastien Giguère with a rebound.
4:05 of 2nd period - Snap shot by Glen Metropolit.
4:05 of 2nd period - Stopped by Jean-Sébastien Giguère with a rebound.
4:07 of 2nd period - Snap shot by Evgeny Artyukhin.
4:07 of 2nd period - Shot Misses the Net.
4:09 of 2nd period - Snap shot by Glen Metropolit.
4:09 of 2nd period - Stopped by Jean-Sébastien Giguère with a rebound.
4:23 of 2nd period - Snap shot by Mikko Koivu.
4:23 of 2nd period - Shot Misses the Net.
4:25 of 2nd period - Snap shot by Mikko Koivu.
4:25 of 2nd period - Stopped by Pascal Leclaire without a rebound.
4:26 of 2nd period - Mikko Koivu wins face-off versus David Legwand in Stars zone.
4:30 of 2nd period - Minor Penalty to Georges Laraque for Tripping.
4:31 of 2nd period - Daniel Sedin wins face-off versus David Legwand in Sharks zone.
6:30 of 2nd period - Penalty to Georges Laraque is over, Georges Laraque is back on ice.
6:47 of 2nd period - Icing by Jan Hlavac.
6:48 of 2nd period - Mike Fisher wins face-off versus Glen Metropolit in Stars zone.
7:09 of 2nd period - Snap shot by Glen Metropolit.
7:09 of 2nd period - Shot Misses the Net.
7:11 of 2nd period - Wrist shot by Matthew Spiller.
7:11 of 2nd period - Shot Misses the Net.
7:13 of 2nd period - Snap shot by Brendan Bell.
7:13 of 2nd period - Stopped by Jean-Sébastien Giguère with a rebound.
7:15 of 2nd period - Snap shot by Jan Hlavac.
7:15 of 2nd period - Shot Misses the Net.
7:17 of 2nd period - Wrist shot by Glen Metropolit.
7:17 of 2nd period - Shot Misses the Net.
7:19 of 2nd period - Snap shot by Jan Hlavac.
7:19 of 2nd period - Shot Misses the Net.
7:21 of 2nd period - Wrist shot by Jan Hlavac.
7:21 of 2nd period - Goal by Jan Hlavac - Stars : 2 - Sharks : 0.
7:22 of 2nd period - Henrik Sedin wins face-off versus David Legwand in neutral zone.
7:47 of 2nd period - Pavol Demitra is hit by Mike Modano and loses puck.
8:02 of 2nd period - Snap shot by Pavol Demitra.
8:02 of 2nd period - Shot Misses the Net.
8:04 of 2nd period - Slapshot by Mark Eaton.
8:04 of 2nd period - Deflect By Henrik Sedin.
8:04 of 2nd period - Stopped by Pascal Leclaire without a rebound.
8:05 of 2nd period - Georges Laraque wins face-off versus David Legwand in Stars zone.
8:14 of 2nd period - Slapshot by Mikko Koivu.
8:14 of 2nd period - Deflect By Georges Laraque.
8:14 of 2nd period - Shot Hit the Post.
8:14 of 2nd period - Puck is out of play.
8:15 of 2nd period - Mikko Koivu wins face-off versus David Legwand in Stars zone.
8:40 of 2nd period - Wrist shot by Mikko Koivu.
8:40 of 2nd period - Shot Misses the Net.
8:50 of 2nd period - Wrist shot by Mikko Koivu.
8:50 of 2nd period - Shot Blocked by Brendan Bell.
8:58 of 2nd period - Wrist shot by Alexander Frolov.
8:58 of 2nd period - Shot Misses the Net.
9:14 of 2nd period - Snap shot by Mikko Koivu.
9:14 of 2nd period - Shot Blocked by Matthew Spiller.
9:16 of 2nd period - Slapshot by Johnny Oduya.
9:16 of 2nd period - Deflect By Alexander Frolov.
9:16 of 2nd period - Shot Blocked by Matthew Spiller.
9:16 of 2nd period - Puck is out of play.
9:17 of 2nd period - Henrik Sedin wins face-off versus Mike Modano in Stars zone.
9:28 of 2nd period - Snap shot by Pavol Demitra.
9:28 of 2nd period - Shot Blocked by Patrik Elias.
9:30 of 2nd period - Wrist shot by Daniel Sedin.
9:30 of 2nd period - Shot Misses the Net.
10:28 of 2nd period - Ruslan Salei is hit by Randy Jones and loses puck.
10:56 of 2nd period - Icing by Johnny Oduya.
10:57 of 2nd period - Glen Metropolit wins face-off versus Mikko Koivu in Sharks zone.
11:02 of 2nd period - Wrist shot by Evgeny Artyukhin.
11:02 of 2nd period - Shot Misses the Net.
11:26 of 2nd period - Off-side.
11:27 of 2nd period - Mike Fisher wins face-off versus David Legwand in neutral zone.
11:30 of 2nd period - Mathieu Schneider is hit by Mike Fisher and loses puck.
11:45 of 2nd period - Wrist shot by David Legwand.
11:45 of 2nd period - Stopped by Jean-Sébastien Giguère without a rebound.
11:46 of 2nd period - Mike Modano wins face-off versus Henrik Sedin in Sharks zone.
11:49 of 2nd period - Snap shot by Mike Modano.
11:49 of 2nd period - Stopped by Jean-Sébastien Giguère with a rebound.
11:51 of 2nd period - Snap shot by Mathieu Schneider.
11:51 of 2nd period - Shot Blocked by Pavol Demitra.
11:53 of 2nd period - Wrist shot by Mike Modano.
11:53 of 2nd period - Shot Blocked by Filip Kuba.
11:55 of 2nd period - Snap shot by Patrik Elias.
11:55 of 2nd period - Stopped by Jean-Sébastien Giguère without a rebound.
11:56 of 2nd period - Henrik Sedin wins face-off versus Mike Modano in Sharks zone.
12:51 of 2nd period - Snap shot by Patrik Elias.
12:51 of 2nd period - Shot Hit the Post.
13:01 of 2nd period - Wrist shot by Patrik Elias.
13:01 of 2nd period - Stopped by Jean-Sébastien Giguère without a rebound.
13:02 of 2nd period - David Legwand wins face-off versus Alexander Frolov in Sharks zone.
13:07 of 2nd period - Wrist shot by Alexei Morozov.
13:07 of 2nd period - Stopped by Jean-Sébastien Giguère without a rebound.
13:08 of 2nd period - Mikko Koivu wins face-off versus David Legwand in Sharks zone.
13:34 of 2nd period - Slapshot by Matthew Spiller.
13:34 of 2nd period - Stopped by Jean-Sébastien Giguère without a rebound.
13:35 of 2nd period - Steve Rucchin wins face-off versus Mike Fisher in Sharks zone.
13:48 of 2nd period - Wrist shot by Mathieu Schneider.
13:48 of 2nd period - Stopped by Jean-Sébastien Giguère with a rebound.
14:11 of 2nd period - Snap shot by Mikko Koivu.
14:11 of 2nd period - Shot Misses the Net.
14:25 of 2nd period - Pavol Demitra is hit by Milan Hejduk and loses puck.
15:05 of 2nd period - Wrist shot by Steve Rucchin.
15:05 of 2nd period - Shot Misses the Net.
15:17 of 2nd period - Mathieu Schneider is hit by Georges Laraque.
15:23 of 2nd period - Slapshot by Mikko Koivu.
15:23 of 2nd period - Stopped by Pascal Leclaire with a rebound.
15:44 of 2nd period - Slapshot by Henrik Sedin.
15:44 of 2nd period - Stopped by Pascal Leclaire with a rebound.
16:00 of 2nd period - Glen Metropolit is hit by David Hale and loses puck.
16:07 of 2nd period - Wrist shot by Mike Fisher.
16:07 of 2nd period - Stopped by Pascal Leclaire with a rebound.
17:03 of 2nd period - Snap shot by Alexei Morozov.
17:03 of 2nd period - Stopped by Jean-Sébastien Giguère without a rebound.
17:04 of 2nd period - David Legwand wins face-off versus Mikko Koivu in Sharks zone.
17:19 of 2nd period - Wrist shot by David Legwand.
17:19 of 2nd period - Shot Blocked by David Hale.
17:31 of 2nd period - Wrist shot by Mike Modano.
17:31 of 2nd period - Shot Misses the Net.
18:11 of 2nd period - David Legwand is hit by Shean Donovan and loses puck.
18:12 of 2nd period - David Legwand from Stars is injured at 18:12 of 2nd period (Sprained Left Knee).
18:13 of 2nd period - Henrik Sedin wins face-off versus Steve Rucchin in Stars zone.
18:14 of 2nd period - Wrist shot by Daniel Sedin.
18:14 of 2nd period - Goal by Daniel Sedin - Stars : 2 - Sharks : 1.
18:15 of 2nd period - Steve Rucchin wins face-off versus Henrik Sedin in neutral zone.
18:39 of 2nd period - Icing by Henrik Sedin.
18:40 of 2nd period - Henrik Sedin wins face-off versus Mike Modano in Sharks zone.
18:55 of 2nd period - Wrist shot by Milan Hejduk.
18:55 of 2nd period - Deflect By Johnny Oduya.
18:55 of 2nd period - Stopped by Jean-Sébastien Giguère with a rebound.
19:27 of 2nd period - Snap shot by Henrik Sedin.
19:27 of 2nd period - Shot Misses the Net.
19:35 of 2nd period - Mark Eaton is hit by Brendan Bell and loses puck.
19:52 of 2nd period - Henrik Sedin is hit by Alexei Morozov and loses puck.
3rd period
0:01 of 3rd period - Mike Modano wins face-off versus Henrik Sedin in neutral zone.
0:26 of 3rd period - Mathieu Schneider is hit by Georges Laraque and loses puck.
0:49 of 3rd period - Snap shot by Mike Fisher.
0:49 of 3rd period - Shot Misses the Net.
0:51 of 3rd period - Snap shot by Dick Tarnstrom.
0:51 of 3rd period - Shot Blocked by Evgeny Artyukhin.
0:53 of 3rd period - Snap shot by Tomas Fleischmann.
0:53 of 3rd period - Stopped by Pascal Leclaire with a rebound.
0:55 of 3rd period - Slapshot by Ruslan Salei.
0:55 of 3rd period - Stopped by Pascal Leclaire without a rebound.
0:56 of 3rd period - Henrik Sedin wins face-off versus Mike Modano in Stars zone.
1:45 of 3rd period - Evgeny Artyukhin is hit by Georges Laraque and loses puck.
1:58 of 3rd period - Slapshot by Milan Hejduk.
1:58 of 3rd period - Deflect By Mike Fisher.
1:58 of 3rd period - Shot Misses the Net.
1:58 of 3rd period - Puck is out of play.
1:59 of 3rd period - Mike Fisher wins face-off versus Milan Hejduk in Sharks zone.
2:06 of 3rd period - Snap shot by Bobby Ryan.
2:06 of 3rd period - Stopped by Pascal Leclaire without a rebound.
2:07 of 3rd period - Mike Modano wins face-off versus Mikko Koivu in Stars zone.
2:17 of 3rd period - Off-side.
2:18 of 3rd period - Milan Hejduk wins face-off versus Henrik Sedin in neutral zone.
3:54 of 3rd period - Alexander Frolov is hit by Mike Modano and loses puck.
4:27 of 3rd period - Snap shot by Evgeny Artyukhin.
4:27 of 3rd period - Shot Misses the Net.
4:29 of 3rd period - Snap shot by Tim Ramholt.
4:29 of 3rd period - Stopped by Jean-Sébastien Giguère with a rebound.
4:31 of 3rd period - Snap shot by Evgeny Artyukhin.
4:31 of 3rd period - Stopped by Jean-Sébastien Giguère with a rebound.
4:33 of 3rd period - Snap shot by Jan Hlavac.
4:33 of 3rd period - Shot Misses the Net.
5:09 of 3rd period - Slapshot by Mathieu Schneider.
5:09 of 3rd period - Stopped by Jean-Sébastien Giguère without a rebound.
5:10 of 3rd period - Mike Modano wins face-off versus Henrik Sedin in Sharks zone.
5:23 of 3rd period - Mathieu Schneider is hit by Daniel Sedin and loses puck.
6:05 of 3rd period - Wrist shot by Cory Stillman.
6:05 of 3rd period - Shot Misses the Net.
6:20 of 3rd period - Snap shot by Evgeny Artyukhin.
6:20 of 3rd period - Deflect By Pavol Demitra.
6:20 of 3rd period - Goal by Evgeny Artyukhin - Stars : 3 - Sharks : 1.
6:21 of 3rd period - Henrik Sedin wins face-off versus Steve Rucchin in neutral zone.
6:24 of 3rd period - Backhand shot by Filip Kuba.
6:24 of 3rd period - Deflect By Henrik Sedin.
6:24 of 3rd period - Stopped by Pascal Leclaire with a rebound.
6:35 of 3rd period - Off-side.
6:36 of 3rd period - Mikko Koivu wins face-off versus Mike Modano in neutral zone.
7:01 of 3rd period - Cory Stillman is hit by Filip Kuba and loses puck.
7:07 of 3rd period - Icing by Steve Rucchin.
7:08 of 3rd period - Steve Rucchin wins face-off versus Mike Fisher in Stars zone.
7:38 of 3rd period - Icing by Bobby Ryan.
7:39 of 3rd period - Mike Fisher wins face-off versus Milan Hejduk in Sharks zone.
7:44 of 3rd period - Snap shot by Mike Modano.
7:44 of 3rd period - Goal by Mike Modano - Stars : 4 - Sharks : 1.
7:45 of 3rd period - Henrik Sedin wins face-off versus Mike Modano in neutral zone.
7:52 of 3rd period - Snap shot by Daniel Sedin.
7:52 of 3rd period - Shot Misses the Net.
7:54 of 3rd period - Slapshot by Pavol Demitra.
7:54 of 3rd period - Shot Blocked by Mathieu Schneider.
7:56 of 3rd period - Snap shot by Daniel Sedin.
7:56 of 3rd period - Goal by Daniel Sedin - Stars : 4 - Sharks : 2.
7:57 of 3rd period - Mike Modano wins face-off versus Henrik Sedin in neutral zone.
8:00 of 3rd period - Snap shot by Braydon Coburn.
8:00 of 3rd period - Shot Blocked by Johnny Oduya.
8:02 of 3rd period - Wrist shot by Milan Hejduk.
8:02 of 3rd period - Stopped by Jean-Sébastien Giguère without a rebound.
8:03 of 3rd period - Mike Modano wins face-off versus Henrik Sedin in Sharks zone.
8:12 of 3rd period - Slapshot by Filip Kuba.
8:12 of 3rd period - Deflect By Henrik Sedin.
8:12 of 3rd period - Shot Misses the Net.
8:12 of 3rd period - Puck is out of play.
8:13 of 3rd period - Steve Rucchin wins face-off versus Henrik Sedin in Stars zone.
8:38 of 3rd period - Minor Penalty to Filip Kuba for Hooking.
8:39 of 3rd period - Henrik Sedin wins face-off versus Steve Rucchin in Sharks zone.
9:08 of 3rd period - Henrik Sedin is hit by Milan Hejduk and loses puck.
9:48 of 3rd period - Backhand shot by Mike Modano.
9:48 of 3rd period - Shot Misses the Net.
9:58 of 3rd period - Snap shot by Milan Hejduk.
9:58 of 3rd period - Shot Blocked by Adam Mair.
10:00 of 3rd period - Snap shot by Milan Hejduk.
10:00 of 3rd period - Stopped by Jean-Sébastien Giguère with a rebound.
10:02 of 3rd period - Snap shot by Milan Hejduk.
10:02 of 3rd period - Shot Misses the Net.
10:38 of 3rd period - Penalty to Filip Kuba is over, Filip Kuba is back on ice.
10:42 of 3rd period - Matthew Spiller is hit by Filip Kuba and loses puck.
10:51 of 3rd period - Snap shot by Alexei Morozov.
10:51 of 3rd period - Stopped by Jean-Sébastien Giguère without a rebound.
10:52 of 3rd period - Mike Fisher wins face-off versus Steve Rucchin in Sharks zone.
10:59 of 3rd period - Brendan Bell is hit by Filip Kuba and loses puck.
11:29 of 3rd period - Alexei Morozov is hit by Filip Kuba and loses puck.
12:23 of 3rd period - Slapshot by Matthew Spiller.
12:23 of 3rd period - Stopped by Jean-Sébastien Giguère with a rebound.
12:25 of 3rd period - Snap shot by Jan Hlavac.
12:25 of 3rd period - Goal by Jan Hlavac - Stars : 5 - Sharks : 2.
12:26 of 3rd period - Henrik Sedin wins face-off versus Glen Metropolit in neutral zone.
12:29 of 3rd period - Slapshot by Filip Kuba.
12:29 of 3rd period - Shot Hit the Post.
12:31 of 3rd period - Slapshot by Filip Kuba.
12:31 of 3rd period - Deflect By Pavol Demitra.
12:31 of 3rd period - Shot Blocked by Tim Ramholt.
12:31 of 3rd period - Puck is out of play.
12:32 of 3rd period - Glen Metropolit wins face-off versus Henrik Sedin in Stars zone.
12:39 of 3rd period - Henrik Sedin is hit by Evgeny Artyukhin and loses puck.
13:43 of 3rd period - Snap shot by Henrik Sedin.
13:43 of 3rd period - Stopped by Pascal Leclaire with a rebound.
14:01 of 3rd period - Off-side.
14:02 of 3rd period - Mike Modano wins face-off versus Henrik Sedin in neutral zone.
14:11 of 3rd period - Wrist shot by Mike Modano.
14:11 of 3rd period - Stopped by Jean-Sébastien Giguère without a rebound.
14:12 of 3rd period - Henrik Sedin wins face-off versus Mike Modano in Sharks zone.
15:10 of 3rd period - Snap shot by Patrik Elias.
15:10 of 3rd period - Deflect By Milan Hejduk.
15:10 of 3rd period - Shot Misses the Net.
15:10 of 3rd period - Puck is out of play.
15:11 of 3rd period - Mikko Koivu wins face-off versus Steve Rucchin in Sharks zone.
15:26 of 3rd period - Wrist shot by Cory Stillman.
15:26 of 3rd period - Stopped by Jean-Sébastien Giguère with a rebound.
15:36 of 3rd period - Glen Metropolit is hit by Bobby Ryan and loses puck.
15:55 of 3rd period - Randy Jones is hit by Johnny Oduya and loses puck.
16:48 of 3rd period - Slapshot by Mathieu Schneider.
16:48 of 3rd period - Deflect By Dick Tarnstrom.
16:48 of 3rd period - Stopped by Jean-Sébastien Giguère with a rebound.
17:12 of 3rd period - Backhand shot by Adam Mair.
17:12 of 3rd period - Stopped by Pascal Leclaire with a rebound.
17:14 of 3rd period - Wrist shot by Filip Kuba.
17:14 of 3rd period - Shot Misses the Net.
17:16 of 3rd period - Wrist shot by Alexander Frolov.
17:16 of 3rd period - Stopped by Pascal Leclaire with a rebound.
17:26 of 3rd period - Pavol Demitra is hit by Milan Hejduk and loses puck.
18:38 of 3rd period - Slapshot by Ruslan Salei.
18:38 of 3rd period - Stopped by Pascal Leclaire without a rebound.
18:39 of 3rd period - Steve Rucchin wins face-off versus Adam Mair in Stars zone.
19:35 of 3rd period - Ruslan Salei is hit by Mathieu Schneider and loses puck.
Output by the SimonT Hockey Simulator (STHS) for François Prévost -- Original Page W3C XHTML 1.0 Valid